 Dungeon Crawl Stone Soup version 0.30.1-4-g462c640d31 (webtiles) character file.

Game seed: 3323412960445806316

51 GeoRichter the Sneak (level 3, 0/24 HPs)
             Began as a Vampire Ice Elementalist on Aug 22, 2023.
             Slain by an ice beast (13 damage)
             ... on level 3 of the Dungeon.
             The game lasted 00:02:28 (1820 turns).

GeoRichter the Sneak (Vampire Ice Elementalist)     Turns: 1820, Time: 00:02:29

Health: 0/24       AC:  2    Str: 13    XL:     3   Next: 57%
Magic:  6/6        EV: 12    Int: 19    God:
Gold:   116        SH:  0    Dex: 14    Spells: 5/6 levels left

rFire   . . .        d - +0 dagger
rCold   . . .        (no shield)
rNeg    . . .        a - +0 robe
rPois   .            (no helmet)
rElec   .            (no cloak)
rCorr   .            (no gloves)
SInv    +            (no boots)
Will    .....        o - amulet of faith {!P}
Stlth   +++          n - +6 ring of strength
HPRegen 0.44/turn    (no ring)
MPRegen 0.10/turn

%: faith
@: healing quickly
A: alive, fangs 3, see invisible, vampiric 2
a: Exsanguinate


You were on level 3 of the Dungeon.
You visited 1 branch of the dungeon, and saw 3 of its levels.

You collected 116 gold pieces.

Inventory:

Hand Weapons
 d - a +0 dagger (weapon)
   (You found it on level 1 of the Dungeon)
Missiles
 f - 4 curare-tipped darts {!f}
Armour
 a - a +0 robe (worn)
Jewellery
 n - a +6 ring of strength (left hand)
   (You found it on level 1 of the Dungeon)
 o - an amulet of faith (around neck) {!P}
   (You found it on level 1 of the Dungeon)
Scrolls
 c - a scroll of summoning {unknown}
 e - 2 scrolls of identify {unknown}
 h - a scroll of fog {unknown}
 i - a scroll of poison {unknown}
 k - a scroll of blinking {unknown}
 m - a scroll of enchant armour {unknown}
 p - a scroll of teleportation {unknown}
 s - a scroll of immolation {unknown}
Potions
 b - a potion of magic
 g - a potion of flight {unknown}
 j - a potion of cancellation {unknown}
 l - a potion of resistance {unknown}
 q - a potion of haste {unknown}
 r - 2 potions of heal wounds {unknown}
 t - a potion of mutation {unknown}


   Skills:
 - Level 2.1 Dodging
 * Level 6.0 Stealth
 - Level 2.2 Spellcasting
 - Level 4.0 Ice Magic


You had 5 spell levels left.
You knew the following spells:

 Your Spells              Type           Power      Damage    Failure   Level
a - Freeze                Ice            68%        1d8       3%          1

Your spell library contained the following spells:

 Spells                   Type           Power      Damage    Failure   Level
 Frozen Ramparts          Ice            34%        1d6       10%         3
 Ozocubu's Armour         Ice            17%        N/A       10%         3
 Lesser Beckoning         Tloc           4%         N/A       26%         2
 Sublimation of Blood     Necr           2%         N/A       26%         2
 Wereblood                Tmut           2%         N/A       26%         2
 Gell's Gravitas          Tloc           2%         N/A       45%         3
 Teleport Other           Tloc           2%         N/A       45%         3
 Summon Ice Beast         Ice/Summ       9%         N/A       58%         4
 Summon Hydra             Summ           1%         N/A       100%        7


Dungeon Overview and Level Annotations

Branches:
Dungeon (3/15) Zot: 16180

Altars:


Innate Abilities, Weirdness & Mutations

Your natural rate of healing is accelerated.
You have razor-sharp teeth.
You have supernaturally acute eyesight. (SInv)
You are afflicted with vampirism and can become a bat while bloodless.


Message History

Throw: 10 darts (curare) {!f}
Press: ? - help, Shift-Dir - straight line, f - ice beast
Aim: an ice beast (57% to hit)
You throw a curare-tipped dart {!f}.
The curare-tipped dart {!f} closely misses the ice beast.
Throw: 9 darts (curare) {!f}
Press: ? - help, Shift-Dir - straight line, f/p - ice beast
Aim: an ice beast (57% to hit)
You throw a curare-tipped dart {!f}.
The curare-tipped dart {!f} closely misses the ice beast.
Throw: 8 darts (curare) {!f}
Press: ? - help, Shift-Dir - straight line, f/p - ice beast
Aim: an ice beast (57% to hit)
You throw a curare-tipped dart {!f}.
The curare-tipped dart {!f} barely misses the ice beast.
Throw: 7 darts (curare) {!f}
Press: ? - help, Shift-Dir - straight line, f/p - ice beast
Aim: an ice beast (57% to hit)
You throw a curare-tipped dart {!f}.
The curare-tipped dart {!f} closely misses the ice beast.
The ice beast barely misses you.
Throw: 6 darts (curare) {!f}
Press: ? - help, Shift-Dir - straight line, f/p - ice beast
Aim: an ice beast (57% to hit)
You throw a curare-tipped dart {!f}.
The curare-tipped dart {!f} hits the ice beast.
The ice beast closely misses you.
Throw: 5 darts (curare) {!f}
Press: ? - help, Shift-Dir - straight line, f/p - ice beast
Aim: an ice beast (57% to hit)
You throw a curare-tipped dart {!f}.
The curare-tipped dart {!f} closely misses the ice beast.
The ice beast closely misses you.
You hit the ice beast.
The ice beast is lightly wounded.
The ice beast hits you. The ice beast freezes you!
You barely miss the ice beast. Your bite misses the ice beast.
The ice beast is lightly wounded.
The ice beast closely misses you.
You hit the ice beast but do no damage. You bite the ice beast.
The ice beast is moderately wounded.
The ice beast hits you but does no damage.
You closely miss the ice beast.
The ice beast is moderately wounded.
The ice beast barely misses you.
You hit the ice beast.
The ice beast is moderately wounded.
The ice beast hits you. The ice beast freezes you!
Ouch! That really hurt!
You die...

#.# ##...## #.. #Y#
##'## #.. ####.### #.#
#.. #.....(# #.# #..
#.##.#.# ####.## ##.
#.##.#.####.....## #.
#.##.............# #.
#.####Y####.....######.
#.# #@# ##....###.....
#.####.# #..#..###.####
#......# #.###.....#
######## #..#..#####
##....# #########.#
##...## ##.##
##.....###.#.##
#.<.....#.###.##


You could see an ice beast.

Vanquished Creatures
  2 adders (D:2)
  2 bats (D:1)
  An endoplasm (D:1)
  2 giant cockroaches
  5 hobgoblins
  3 kobolds
  2 quokkas
  3 ball pythons
  2 frilled lizards
  5 goblins
  6 rats
33 creatures vanquished.

Notes
Turn   | Place    | Note
-------+----------+-------------------------------------------
     0 | D:1      | GeoRichter the Vampire Ice Elementalist began the quest for
                  | the Orb.
     0 | D:1      | Reached XP level 1. HP: 13/13 MP: 3/3
   262 | D:1      | Reached XP level 2. HP: 19/19 MP: 1/5
   368 | D:1      | Reached skill level 4 in Stealth
  1069 | D:2      | Reached skill level 5 in Stealth
  1069 | D:2      | Gained mutation: You are afflicted with vampirism and can
                  | become a bat while bloodless. [Vampire growth]
  1069 | D:2      | Reached XP level 3. HP: 24/24 MP: 6/6
  1798 | D:3      | Noticed an ice beast
  1802 | D:3      | Reached skill level 6 in Stealth
  1820 | D:3      | Slain by an ice beast

Illustrated notes

Levels and vault maps discovered:
D:1:      reono_arrival_mine, layout_basic
D:2:      layout_loops_ring, kennysheep_generic_room_10
D:3:      layout_loops_corners, nicolae_uskayaw_dance_hall,
          shapermc_ecumenical_altar_mp_highgroup

Skill      XL: |  1  2  3 |
---------------+----------+-----
Stealth        | 5 6 |  6.0
Dodging        | |  2.1
Spellcasting   | |  2.2
Ice Magic      | |  4.0

Action                     || total
---------------------------++-------
  Melee: Dagger            ||    23
         Bite              ||     4
  Throw: Dart              ||     6
   Cast: Freeze            ||    37
   Stab: Sleeping          ||     3
 Armour: Robe              ||     8
  Dodge: Dodged            ||    33
